 Dungeon Sprint DCSS version 0.28-a0-909-g796cbd3a86 (webtiles) character file.

Game seed: 17342788631976330635

271556 Turgor the Ninja (level 12, 30/39 (45) HPs)
             Began as a Spriggan Enchanter on Nov 24, 2021.
             Was the Champion of Dithmenos.
             Escaped with the Orb!
             The game lasted 00:47:50 (2561 turns).

Turgor the Ninja (Spriggan Enchanter)               Turns: 2561, Time: 00:47:51

HP:   30/39 (45)    AC:  0    Str:  4    XL:     12   Next: 19%
MP:   29/29         EV: 31    Int: 18    God:    Dithmenos [******]
Gold: 183           SH:  5    Dex: 22    Spells: 26/36 levels left

rFire   + . .      SeeInvis +   p - +3 rapier
rCold   + + .      Faith    .   (shield restricted)
rNeg    + . .      Spirit   .   b - +0 robe
rPois   +          Reflect  +   q - -2 hat of the Alchemist {rElec rPois rF+ rC+ rN+ Will+ rMut rCorr}
rElec   +          Harm     .   c - +0 cloak "Ranai" {Dex+3}
rCorr   +          Rampage  .   (gloves unavailable)
rMut    +          NoTele   +   (boots unavailable)
Will    +++..                   t - amulet of Ethics {Reflect rC+ Str+2 SH+5}
Stlth   +++++++...              u - ring of flight
HPRegen 0.13/turn               h - +4 ring of evasion
MPRegen 0.21/turn

@: brilliant, flying, wreathed by umbra, heavily drained, very quick
A: very small, no large weapons, unfitting armour, see invisible, speed 3,
deformed body, frail 1, weak 1
0: Orb of Zot
a: Renounce Religion, Shadow Step, Shadow Form


You escaped.
You worshipped Dithmenos.
Dithmenos was exalted by your worship.
You visited 1 branch You collected 3728 gold pieces.
You spent 3545 gold pieces at shops.

Inventory:

Hand Weapons
 a - a +1 dagger
 k - a +1 dagger of distortion
 o - a +6 fustibalus of freezing
 p - a +3 rapier (weapon)
Missiles
 l - 4 curare-tipped darts (quivered)
 m - 174 stones
Armour
 b - a +0 robe (worn)
 c - the +0 cloak "Ranai" (worn) {Dex+3}
   (You bought it in a shop in the Dungeon)

   Dex:       It affects your dexterity (+3).
 q - the -2 hat of the Alchemist (worn) {rElec rPois rF+ rC+ rN+ Will+ rMut rCorr}
   (You bought it in a shop in the Dungeon)

   rF:        It protects you from fire.
   rC:        It protects you from cold.
   rElec:     It insulates you from electricity.
   rPois:     It protects you from poison.
   rN:        It protects you from negative energy.
   rCorr:     It protects you from acid and corrosion.
   rMut:      It protects you from mutation.
   Will:      It increases your willpower.
Jewellery
 h - a +4 ring of evasion (right hand)
 t - the amulet of Ethics (around neck) {Reflect rC+ Str+2 SH+5}
   (You bought it in a shop in the Dungeon)

   [amulet of reflection]

   It reflects blocked missile attacks.
   Str:       It affects your strength (+2).
   rC:        It protects you from cold.
   SH:        It affects your SH (+5).
 u - a ring of flight (left hand)
Wands
 r - a wand of mindburst (9)
Scrolls
 i - a scroll of blinking
Potions
 d - 2 potions of curing
 g - 2 potions of magic
 s - a potion of cancellation
Miscellaneous
 n - a condenser vane


   Skills:
 * Level 15.3 Short Blades
 * Level 11.1 Dodging
 O Level 27 Stealth
 + Level 12.7 Spellcasting
 + Level 19.1 Hexes
 - Level 4.4 Translocations
 - Level 2.0 Ice Magic
 * Level 5.9 Invocations


You had 26 spell levels left.
You knew the following spells:

 Your Spells              Type           Power      Damage    Failure   Level
a - Confusing Touch       Hex            88%        N/A       0%          3
b - Ensorcelled Hibernat  Hex/Ice        100%       N/A       1%          2
c - Dazzling Flash        Conj/Hex       100%       N/A       1%          3
d - Blink                 Tloc           82%        N/A       1%          2

Your spell library contained the following spells:

 Spells                   Type           Power      Damage    Failure   Level
 Slow                     Hex            100%       N/A       0%          1
 Tukima's Dance           Hex            88%        N/A       0%          3
 Shock                    Conj/Air       68%        1d7       6%          1
 Vampiric Draining        Necr           17%        2d7       19%         3
 Manifold Assault         Tloc           41%        N/A       26%         5
 Sticky Flame             Conj/Fire      17%        2d4       52%         4
 Starburst                Conj/Fire      8%         6d4       100%        6
 Storm Form               Tmut/Air       8%         N/A       100%        7
 Lehudib's Crystal Spear  Conj/Erth      8%         10d4      100%        8


Dungeon Overview and Level Annotations

Branches:
Dungeon (1/1)

Altars:
Cheibriados
Dithmenos
Elyvilon
Fedhas
Gozag
Hepliaklqana
Kikubaaqudgha
Makhleb
Nemelex Xobeh
Okawaru
Qazlal
Ru
Sif Muna
Trog
Uskayaw
Vehumet
Wu Jian
Xom
Yredelemnul
Zin
The Shining One
Jiyva
Lugonu

Shops:
D =((=(???*?(((*[?:(([[

Annotations:
D Lom Lobon, Tiamat


Innate Abilities, Weirdness & Mutations

You are very small and have problems with some larger weapons.
You are too small for most types of armour.
You have supernaturally acute eyesight. (SInv)
You cover ground extremely quickly. (Speed+++)
Armour fits poorly on your strangely shaped body.
You are frail. (-10% HP)
You are weak. (Str -2)


Message History

Drinking this now will have no effect.
You feel clever all of a sudden.
You feel stable enough to blink again.
Casting: Blink (safe; 1% risk of failure)
Confirm with . or Enter, or press ? or * to list all spells.
You feel a surge of power!
You blink.
Casting: Blink (safe; 1% risk of failure)
Confirm with . or Enter, or press ? or * to list all spells.
You are still too unstable to blink.
You feel stable enough to blink again.
Casting: Blink (safe; 1% risk of failure)
Confirm with . or Enter, or press ? or * to list all spells.
You feel a surge of power!
You blink.
Something unseen opens the door.
You see here a +0 great sword of flaming.
Lom Lobon, Demon Lord of Forbidden Knowledge comes into view.
You feel stable enough to blink again.
You see here a +0 great sword of flaming.
There is an open door here.
The daeva shouts!
The daeva calls down the wrath of the Shining One upon you.
The Shining One smites you!
You emit a cloud of dark smoke.
There is an open door here.
There is an open door, spattered with blood here.
There is an open door here.
There is an open door here.
There is an open door here.
There is an open door, spattered with blood here.
Items here: )) [[.
There is an open door here.
There is an open door here.
Things that are here:
a +0 scythe; a +0 robe
There is an open door here.
You see here a +0 giant club.
There is an open door here.
Things that are here:
a +0 dagger; a +0 ring mail
There is an open door here.
There is a staircase leading out of the dungeon here.
You have escaped!

##################
#@.#..'..#.)'..#__
#..').#.)'..#..'..
#..#####'#####'#__
#..####..#...#.###
#..#__####..##)#≈§
#..#_____##'#_§§§§
#⌠⌠#_.∩...'...§#≈§
####_..__##_.#'##'
#_____###'#(#§[


There were no monsters in sight!

Vanquished Creatures
  4 fire giants (D)
  A lorocyproca (D)
  A hydra (D)
  2 centaur warriors (D)
  Sonja (D)
  A deep troll (D)
  A lindwurm (D)
  4 shining eyes (D)
  An oklob plant (D)
  A gargoyle (D)
  4 demonic crawlers (D)
  7 unseen horrors (D)
  2 kobold demonologists (D)
  A hornet (D)
  A slime creature (D)
  2 redbacks (D)
  Sigmund (D)
  A yak (D)
  13 hogs (D)
  6 floating eyes (D)
  7 necrophages (D)
  An ogre (D)
  8 jellies (D)
  Ijyb (D)
72 creatures vanquished.

Vanquished Creatures (others)
  2 ballistomycete spores (D)
2 creatures vanquished.

Grand Total: 74 creatures vanquished

Notes
Turn   | Place    | Note
-------+----------+-------------------------------------------
     0 | D        | Turgor the Spriggan Enchanter began the quest for the Orb.
     0 | D        | Reached XP level 1. HP: 9/9 MP: 5/5
     1 | D        | Noticed Ijyb
     9 | D        | Killed Ijyb
    10 | D        | Reached skill level 10 in Stealth
    10 | D        | Reached XP level 2. HP: 12/13 MP: 6/6
   115 | D        | Noticed an ogre
   118 | D        | Killed an ogre
   119 | D        | Reached skill level 14 in Stealth
   119 | D        | Reached XP level 3. HP: 16/16 MP: 8/8
   119 | D        | Reached XP level 4. HP: 21/21 MP: 9/9
   127 | D        | Noticed Sigmund
   130 | D        | Killed Sigmund
   131 | D        | Reached skill level 18 in Stealth
   131 | D        | Reached XP level 5. HP: 24/24 MP: 10/10
   142 | D        | Found an ornate altar of the Wu Jian Council.
   142 | D        | Found a shimmering blue altar of Sif Muna.
   144 | D        | Found a radiant altar of Vehumet.
   149 | D        | Reached skill level 19 in Stealth
   149 | D        | Reached XP level 6. HP: 28/28 MP: 11/11
   172 | D        | Found Faetur's Jewellery Emporium.
   172 | D        | Found an ancient bone altar of Kikubaaqudgha.
   172 | D        | Found a hazy altar of Hepliaklqana.
   172 | D        | Found a hide-covered altar of Uskayaw.
   172 | D        | Found a basalt altar of Yredelemnul.
   172 | D        | Found an opulent altar of Gozag.
   172 | D        | Found a snail-covered altar of Cheibriados.
   172 | D        | Found a sacrificial altar of Ru.
   172 | D        | Found a shadowy altar of Dithmenos.
   172 | D        | Noticed a yak
   173 | D        | Found a stormy altar of Qazlal.
   173 | D        | Found a blossoming altar of Fedhas.
   173 | D        | Found a bloodstained altar of Trog.
   173 | D        | Found an iron altar of Okawaru.
   173 | D        | Found a glowing golden altar of the Shining One.
   173 | D        | Found a glowing silver altar of Zin.
   173 | D        | Found a white marble altar of Elyvilon.
   174 | D        | Killed a yak
   175 | D        | Found a sparkling altar of Nemelex Xobeh.
   183 | D        | Learned a level 3 spell: Confusing Touch
   186 | D        | Learned a level 2 spell: Ensorcelled Hibernation
   190 | D        | Learned a level 3 spell: Dazzling Flash
   195 | D        | Became a worshipper of Dithmenos the Shadowed
   204 | D        | Noticed Sonja
   208 | D        | Killed Sonja
   209 | D        | Reached skill level 20 in Stealth
   209 | D        | Reached skill level 10 in Hexes
   209 | D        | Reached XP level 7. HP: 32/32 MP: 14/18
   222 | D        | Noticed a deep troll
   226 | D        | Killed a deep troll
   227 | D        | Reached skill level 21 in Stealth
   227 | D        | Reached XP level 8. HP: 36/36 MP: 17/21
   236 | D        | Found Qoiptiwn's Armour Emporium.
   238 | D        | Identified the +6 scale mail "Salysk" {Str+7 Slay-5}
   305 | D        | Found Javiudug's Jewellery Boutique.
   387 | D        | Found a burning altar of Makhleb.
   387 | D        | Found a viscous altar of Jiyva.
   387 | D        | Found a shimmering altar of Xom.
   387 | D        | Found a corrupted altar of Lugonu.
   387 | D        | Noticed a slime creature
   390 | D        | Killed a slime creature
   390 | D        | Reached * piety under Dithmenos
   402 | D        | Noticed a kobold demonologist
   402 | D        | Noticed a kobold demonologist
   406 | D        | Noticed a rust devil
   411 | D        | Paralysed by a floating eye for 2 turns
   414 | D        | Noticed a soul eater
   418 | D        | Killed a kobold demonologist
   421 | D        | Paralysed by a floating eye for 3 turns
   432 | D        | Reached XP level 9. HP: 34/39 MP: 17/23
   435 | D        | Killed a kobold demonologist
   435 | D        | Reached ** piety under Dithmenos
   472 | D        | Noticed a demonic crawler
   472 | D        | Noticed a demonic crawler
   472 | D        | Noticed a demonic crawler
   472 | D        | Noticed a demonic crawler
   474 | D        | Killed a demonic crawler
   475 | D        | Reached skill level 10 in Spellcasting
   475 | D        | Killed a demonic crawler
   476 | D        | Reached skill level 22 in Stealth
   477 | D        | Killed a demonic crawler
   478 | D        | Killed a demonic crawler
   478 | D        | Reached *** piety under Dithmenos
   479 | D        | Reached skill level 1 in Ice Magic
   492 | D        | Noticed a lindwurm
   496 | D        | Killed a lindwurm
   514 | D        | Reached skill level 15 in Hexes
   514 | D        | Reached XP level 10. HP: 44/44 MP: 25/25
   514 | D        | Reached **** piety under Dithmenos
   515 | D        | Reached skill level 23 in Stealth
   518 | D        | Reached skill level 10 in Short Blades
   529 | D        | Reached ***** piety under Dithmenos
   549 | D        | Reached skill level 24 in Stealth
   663 | D        | Noticed a 12-headed hydra
   665 | D        | Killed a 12-headed hydra
   725 | D        | Noticed a centaur warrior
   726 | D        | Noticed a centaur warrior
   729 | D        | Killed a centaur warrior
   729 | D        | Reached ****** piety under Dithmenos
   730 | D        | Killed a centaur warrior
   731 | D        | Reached skill level 5 in Dodging
   731 | D        | Reached skill level 25 in Stealth
   754 | D        | Noticed an oklob plant
   756 | D        | Killed an oklob plant
   757 | D        | Reached XP level 11. HP: 47/47 MP: 28/28
   867 | D        | Reached skill level 26 in Stealth
  1035 | D        | Found Muibael's Magic Scroll Shoppe.
  1035 | D        | Found Zelarha's Magic Scroll Shop.
  1035 | D        | Found Siptyemo's Assorted Antiques.
  1037 | D        | Found Aru Reuc's Magic Scroll Emporium.
  1037 | D        | Found Gibryoluoh's Antique Weapon Shop.
  1037 | D        | Found Purur's Weapon Shoppe.
  1037 | D        | Found Haczuos's Antique Weapon Boutique.
  1037 | D        | Found Byuwuqub's General Store.
  1037 | D        | Found Unyxt's Antique Armour Shop.
  1037 | D        | Found Kenig's Magic Scroll Shoppe.
  1043 | D        | Found Xetu's Book Boutique.
  1044 | D        | Found Rudwy's Weapon Emporium.
  1044 | D        | Found Yruitor's Antique Weapon Boutique.
  1045 | D        | Found Rusmo's Armour Emporium.
  1053 | D        | Bought an Inescapable Atlas for 442 gold pieces
  1056 | D        | Learned a level 2 spell: Blink
  1062 | D        | Bought a scroll of identify for 20 gold pieces
  1062 | D        | Bought a scroll of identify for 20 gold pieces
  1067 | D        | Bought a rapier for 92 gold pieces
  1071 | D        | Bought a brightly glowing cloak for 218 gold pieces
  1071 | D        | Identified the +0 cloak "Ranai" {Dex+3} (You bought it in a
                  | shop in the Dungeon)
  1076 | D        | Bought the -2 hat of the Alchemist {rElec rPois rF+ rC+ rN+
                  | Will+ rMut rCorr} for 1085 gold pieces
  1076 | D        | Found the -2 hat of the Alchemist {rElec rPois rF+ rC+ rN+
                  | Will+ rMut rCorr}
  1082 | D        | Bought a scroll of enchant weapon for 82 gold pieces
  1131 | D        | Noticed a shining eye
  1131 | D        | Noticed a shining eye
  1131 | D        | Noticed a shining eye
  1132 | D        | Noticed a shining eye
  1132 | D        | Noticed a shining eye
  1132 | D        | Noticed a shining eye
  1133 | D        | Noticed a shining eye
  1133 | D        | Noticed a shining eye
  1134 | D        | Killed a shining eye
  1138 | D        | Killed a shining eye
  1153 | D        | Gained mutation: You are frail. (-10% HP) [a shining eye]
  1158 | D        | Found Terin's Antique Weapon Shop.
  1158 | D        | Found Tadethru's Weapon Emporium.
  1158 | D        | Found Luk Desizyr's Magic Scroll Boutique.
  1158 | D        | Gained mutation: Armour fits poorly on your strangely
                  | shaped body. [a shining eye]
  1159 | D        | Found Pyesh's Antique Weapon Shoppe.
  1172 | D        | Bought a scroll of enchant weapon for 105 gold pieces
  1179 | D        | Killed a shining eye
  1180 | D        | Reached skill level 27 in Stealth
  1182 | D        | Killed a shining eye
  1184 | D        | Gained mutation: You are weak. (Str -2) [a shining eye]
  1235 | D        | Noticed a lorocyproca
  1262 | D        | Killed a lorocyproca
  1556 | D        | Noticed a daeva
  1563 | D        | Reached skill level 1 in Translocations
  1563 | D        | Reached skill level 1 in Invocations
  1743 | D        | Noticed a fire giant
  1744 | D        | Noticed a fire giant
  1744 | D        | Noticed a fire giant
  1744 | D        | Noticed a fire giant
  1745 | D        | Killed a fire giant
  1747 | D        | Killed a fire giant
  1748 | D        | Reached skill level 10 in Dodging
  1748 | D        | Reached XP level 12. HP: 42/45 MP: 24/29
  1749 | D        | Killed a fire giant
  1750 | D        | Reached skill level 15 in Short Blades
  1750 | D        | Reached skill level 5 in Invocations
  1751 | D        | Killed a fire giant
  1754 | D        | Got the Disquisition on Confrontation
  1775 | D        | Found the +4 dragonskin cloak
  1775 | D        | Noticed Tiamat
  1855 | D        | Bought the amulet of Ethics {Reflect rC+ Str+2 SH+5} for
                  | 578 gold pieces
  1860 | D        | Bought a ring of flight for 210 gold pieces
  1961 | D        | Noticed a shadow dragon
  1961 | D        | Noticed a golden dragon
  2046 | D        | Bought a murky brown potion for 17 gold pieces
  2051 | D        | Bought a scroll of acquirement for 676 gold pieces
  2051 | D        | Acquired a +4 ring of evasion
  2490 | D        | Got the Orb of Zot
  2500 | D        | Noticed Lom Lobon
  2561 | D        | Escaped with the Orb!

Illustrated notes

Levels and vault maps discovered:
D:        dungeon_sprint_1 [red_sonja_temple_1, red_sonja_temple_small_1]

Skill      XL: |  1  2  3  4  5  6  7  8  9 10 11 12 |
---------------+-------------------------------------+-----
Stealth        | 10 14 18 19 20 21 22 25 27 | 27.0
Spellcasting   | 3 7 8 9 10 12 | 12.7
Hexes          | 4 10 11 12 15 17 18 19 | 19.1
Short Blades   | 6 7 8 9 11 14 15 | 15.3
Ice Magic      | 2 |  2.0
Dodging        | 5 10 11 | 11.1
Translocations | 4 |  4.4
Invocations    | 4 5 |  5.9

Action                   |  1- 3 |  4- 6 |  7- 9 | 10-12 || total
-------------------------+-------+-------+-------+-------++-------
Melee: Dagger            |     7 |     4 |    27 |    62 ||   100
       Rapier            |       |       |       |    56 ||    56
 Cast: Ensorcelled Hiber |       |       |     2 |    19 ||    21
       Confusing Touch   |       |       |     1 |     9 ||    10
       Blink             |       |       |       |     3 ||     3
Invok: Shadow Step       |       |       |       |     1 ||     1
  Use: Potion            |     1 |       |     1 |     5 ||     7
       Scroll            |       |       |       |     8 ||     8
 Stab: Sleeping          |     1 |     4 |     8 |    50 ||    63
       Invisible         |       |       |     3 |       ||     3
       Confused          |       |       |       |     8 ||     8
Armor: Robe              |       |       |     4 |       ||     4
Dodge: Dodged            |     3 |       |    22 |    35 ||    60
Block: Other             |       |       |       |     1 ||     1

Table legend: (Time is in decaauts)
 A = Elapsed time spent in this place.
 B = Non-inter-level travel time spent in this place.
 C = Inter-level travel time spent in this place.
 D = Time resting spent in this place.
 E = Time spent auto-exploring this place.
 F = Levels seen in this place.
 G = Mean time per level.
                   A        B        C        D        E       F      G
               +--------+--------+--------+--------+--------+-----+--------+
         Total |   2006 |   1881 |    125 |    890 |      0 |   1 | 2006.0 |
       Dungeon |   2006 |   1881 |    125 |    890 |      0 |   1 | 2006.0 |
               +--------+--------+--------+--------+--------+-----+--------+

Top non-repeatable levels by time:
       D: 2006 daAuts
